Map: Nightscape LE

Players

Massa - Winner!

  • Race: Terran Terran
  • League: Platinum
  • Spawn Location: 1:00

qqq - Winner!

  • Race: Zerg Zerg
  • Spawn Location: 1:00

Moose

  • Race: Zerg Zerg
  • League: Diamond
  • Spawn Location: 7:00

SpOOn

  • Race: Terran Terran
  • League: Platinum
  • Spawn Location: 7:00

VOD

Have the link to the VOD?

Description

Time

  • Played on: Oct. 31, 2020, 7:21 a.m.
  • Length: 13:53
Show
View Real Time Build Order
Export as new Build Order

Massa Terran - Winner!

Build Orders:  

Get SALT Encoding   

  12  0:00  SCV  
  13  0:12  SCV  
  14  0:22  Supply Depot  
  14  0:24  SCV  
  15  0:30  Refinery  
  15  0:43  SCV  
  15  0:45  Barracks  
  16  0:55  SCV  
  17  1:07  SCV  
  18  1:20  SCV  
  19  1:32  SCV  
  20  1:34  Reaper  
  21  1:44  Orbital Command  
  21  1:47  Command Center  
  21  2:06  Marine  
  22  2:12  SCV  
  23  2:26  Barracks Reactor  
  23  2:46  Command Center  
  23  2:57  Refinery  
  23  2:59  Supply Depot  
  23  3:01  Factory  
  23  3:03  Orbital Command  
  23  3:08  Barracks  
  23  3:33  Marine x2  
  24  3:39  SCV x2  
  26  3:50  Engineering Bay  
  26  3:51  SCV, Marine  
  28  3:57  Barracks Tech Lab, Marine  
  28  3:59  Factory Tech Lab  
  28  4:01  SCV  
  30  4:03  Orbital Command  
  30  4:04  SCV  
  30  4:09  Marine  
  32  4:13  SCV  
  32  4:15  Marine  
  32  4:16  SCV  
  35  4:25  SCV, Siege Tank  
  35  4:28  SCV  
  35  4:30  Starport  
  40  4:33  Supply Depot  
  40  4:35  Missile Turret  
  40  4:37  SCV  
  41  4:38  Missile Turret  
  41  4:42  Supply Depot  
  41  4:44  Terran Infantry Weapons Level 1, Supply Depot  
  41  4:47  Stimpack  
  41  4:48  Marine  
  42  4:53  SCV x2  
  42  4:56  SCV  
  45  5:05  SCV x2  
  47  5:09  SCV  
  47  5:10  Marauder, Marine  
  47  5:12  Marine  
  52  5:18  Refinery  
  52  5:22  Siege Tank  
  52  5:26  Refinery  
  55  5:32  Marauder, Medivac  
  59  5:40  Orbital Command  
  59  5:49  Marine x2  
  61  5:53  Marauder  
  61  5:55  Supply Depot  
  63  6:00  Supply Depot  
  63  6:07  Marine  
  64  6:13  Marine  
  64  6:14  Marauder  
  64  6:18  Supply Depot  
  67  6:21  Barracks  
  67  6:22  Barracks  
  67  6:23  Barracks x2, Liberator  
  67  6:24  Barracks  
  67  6:25  Marine  
  71  6:27  SCV  
  71  6:30  SCV  
  71  6:31  SCV, Marine  
  75  6:36  Marauder  
  75  6:39  SCV  
  78  6:43  SCV x2  
  80  6:47  Combat Shield  
  80  6:50  Siege Tank  
  80  6:51  SCV  
  84  6:55  SCV x2  
  86  7:02  Starport  
  86  7:03  SCV  
  86  7:07  SCV x2  
  89  7:10  Missile Turret  
  89  7:11  Missile Turret  
  89  7:12  Barracks  
  89  7:15  SCV  
  90  7:19  SCV x2  
  92  7:27  SCV  
  93  7:31  Marauder, Missile Turret  
  93  7:32  Marine x2  
  93  7:33  Barracks Reactor, Barracks Tech Lab  
  93  7:34  Barracks Reactor, Barracks Tech Lab  
  97  7:49  Marine  
  97  7:50  Marine  
  99  7:53  Marauder  
  94  8:09  Marauder x2, Marine x3  
  101  8:14  Marauder  
  102  8:30  Marauder  
  104  8:36  Marauder  
  85  8:56  Marauder  
  85  8:57  Marauder x2, Marine x7  
  86  9:03  Siege Tank  
  86  9:08  Medivac x2  
  90  9:14  Marine  
  90  9:15  Marine x6  
  97  9:18  Marauder x3  
  103  9:35  Siege Tank  
  106  9:38  Medivac  
  108  9:46  Medivac  
  108  9:47  Marauder  
  108  10:07  Refinery  
  108  10:08  Refinery  
  108  10:12  Command Center  
  108  10:16  Supply Depot  
  108  10:18  Supply Depot x2  
  108  10:21  Supply Depot x2  
  108  10:23  Supply Depot  
  108  10:24  Supply Depot  
  108  10:25  Concussive Shells, Supply Depot  
  108  10:26  Supply Depot  
  108  10:37  Medivac, Siege Tank  
  108  10:38  Terran Infantry Armor Level 1, Marauder x2  
  108  10:39  Medivac  
  108  10:40  Marauder, Supply Depot  
  108  10:41  Supply Depot  
  121  10:44  Supply Depot  
  121  10:46  Supply Depot  
  121  10:47  Supply Depot  
  121  10:48  Command Center, Supply Depot  
  121  10:51  Armory, Supply Depot  
  121  10:52  Supply Depot  
  121  10:59  Marauder x2  
  121  11:01  Marauder  
  127  11:08  Barracks Tech Lab  
  127  11:09  Siege Tank  
  127  11:10  Barracks Reactor  
  130  11:15  Engineering Bay, Marine x3  
  130  11:16  Marine x3  
  136  11:20  Marauder x2  
  136  11:21  Armory  
  136  11:22  SCV x3  
  136  11:23  Marauder  
  146  11:26  Orbital Command  
  145  11:33  Marine x6  
  145  11:34  SCV x3  
  145  11:38  Missile Turret  
  154  11:41  Marine  
  154  11:42  Marauder  
  154  11:43  Marine  
  154  11:44  Missile Turret  
  154  11:46  SCV x2  
  154  11:47  SCV  
  161  11:51  Marine x6  
  167  11:56  Marauder, Marine x2  
  167  11:58  SCV  
  167  12:00  Marauder, Missile Turret  
  167  12:01  Orbital Command  
  174  12:02  Marauder  
  174  12:03  Marauder  
  174  12:05  Missile Turret  
  178  12:08  Marine  
  178  12:09  Sensor Tower, Marine x3  
  182  12:17  Marauder  
  182  12:21  Marauder, Missile Turret  
  186  12:23  Marauder  
  186  12:25  Marauder  
  190  12:41  Missile Turret  
Show
View Real Time Build Order
Export as new Build Order

qqq Zerg - Winner!

Build Orders: Hatch First 

Get SALT Encoding   

  12  0:00  Drone  
  13  0:19  Drone  
  14  0:35  Hatchery  
  13  0:43  Drone  
  14  0:58  Spawning Pool  
  13  1:14  Overlord  
  13  1:15  Drone  
  13  1:17  Extractor  
  14  1:18  Drone  
  14  1:46  Queen  
  14  1:47  Drone x2  
  14  1:48  Drone  
  19  2:01  Drone  
  19  2:02  Drone  
  21  2:11  Extractor  
  21  2:13  Queen  
  21  2:15  Drone  
  23  2:17  Drone  
  23  2:21  Drone  
  25  2:24  Drone  
  26  2:42  Metabolic Boost  
  26  2:44  Overlord  
  26  2:45  Drone x2  
  28  2:55  Overlord  
  28  3:06  Lair  
  28  3:10  Overlord  
  28  3:11  Zergling x4  
  28  3:12  Drone  
  31  3:13  Drone  
  31  3:15  Drone  
  33  3:28  Zergling x2  
  33  3:29  Drone x3  
  37  3:40  Zergling x2  
  37  3:41  Drone  
  39  3:48  Hatchery  
  38  3:52  Drone x4  
  42  3:58  Zergling x6  
  45  4:07  Zergling x4  
  47  4:10  Drone x2  
  49  4:21  Zergling x4  
  49  4:22  Drone  
  52  4:43  Pneumatized Carapace  
  52  4:48  Hatchery, Overlord  
  52  4:49  Overlord x2, Baneling Nest  
  52  4:50  Drone x2  
  52  5:05  Zergling x2  
  52  5:06  Drone, Zergling x4  
  57  5:07  Drone x5  
  57  5:12  Extractor  
  60  5:15  Extractor, Overlord  
  60  5:16  Drone  
  60  5:23  Zergling x4  
  60  5:26  Queen  
  64  5:32  Zergling x2  
  65  5:39  Evolution Chamber  
  65  5:40  Evolution Chamber  
  63  5:47  Drone  
  63  5:48  Zergling x8  
  68  5:54  Baneling x6  
  68  5:55  Baneling x7  
  68  6:01  Drone x4  
  68  6:02  Zergling x6  
  75  6:05  Extractor  
  74  6:24  Hatchery  
  64  6:50  Zergling x12  
  64  6:51  Zergling x8  
  64  6:52  Drone x6  
  80  6:59  Infestation Pit  
  80  7:00  Zerg Melee Weapons Level 1, Zerg Ground Armor Level 1  
  79  7:08  Zergling x8  
  83  7:09  Drone x2  
  83  7:14  Drone  
  86  7:24  Drone  
  86  7:28  Overlord x4  
  87  7:33  Hatchery  
  86  7:38  Hatchery  
  85  7:47  Drone x2  
  85  7:48  Drone x5  
  92  7:51  Hive  
  92  7:54  Zergling x12  
  92  7:56  Drone  
  92  7:57  Drone x2  
  101  8:00  Baneling x3  
  90  8:11  Drone x5  
  90  8:12  Spine Crawler  
  94  8:14  Spine Crawler  
  94  8:15  Spine Crawler x2  
  94  8:18  Spine Crawler  
  94  8:19  Zergling x2  
  92  8:20  Spine Crawler, Zergling x14  
  86  8:38  Zergling x6  
  86  8:39  Zergling x8  
  86  8:40  Zergling x14  
  86  8:41  Zergling x2  
  88  8:49  Zergling x2  
  88  8:52  Zergling x2  
  88  8:59  Zergling x4  
  88  9:01  Queen  
  85  9:10  Zerg Ground Armor Level 2, Zerg Melee Weapons Level 2  
  85  9:13  Ultralisk Cavern  
  85  9:15  Drone x3  
  85  9:16  Drone, Zergling x6  
  87  9:39  Zergling x2  
  87  9:40  Zergling x12  
  87  9:41  Zergling x6  
  87  9:42  Drone x4  
  90  9:54  Zergling x4  
  90  9:55  Drone x2  
  93  10:01  Hatchery  
  92  10:07  Extractor  
  92  10:08  Extractor  
  92  10:09  Drone x2  
  92  10:13  Hatchery x2  
  90  10:20  Ultralisk x4  
  114  10:21  Overlord x2  
  114  10:22  Overlord x3  
  114  10:23  Drone x3  
  114  10:25  Anabolic Synthesis  
  117  10:45  Drone  
  117  10:46  Drone  
  119  10:56  Drone  
  120  10:58  Ultralisk x2  
  120  11:02  Extractor x2  
  130  11:05  Ultralisk  
  130  11:06  Overlord x2  
  130  11:07  Zergling x2, Overlord x3  
  130  11:08  Zergling x8  
  138  11:26  Drone x2  
  138  11:27  Drone x2  
  138  11:28  Drone  
  138  11:30  Drone x2  
  138  11:31  Ultralisk x2  
  157  11:36  Chitinous Plating  
  157  11:42  Overlord x2  
  157  11:43  Zergling x10  
  157  11:44  Zergling x2  
  163  11:50  Drone x2  
  163  11:51  Drone x6  
  171  12:08  Drone x2  
  171  12:11  Adrenal Glands  
  160  12:37  Spine Crawler, Spore Crawler  
  150  12:41  Ultralisk x2  
  150  12:42  Drone  
  150  12:43  Drone x7  
  150  12:44  Drone  
  143  12:57  Ultralisk x2  
  143  12:58  Drone x3  
  157  13:03  Extractor  
  157  13:06  Extractor  
  157  13:07  Extractor  
  157  13:11  Hatchery  
Show
View Real Time Build Order
Export as new Build Order

Moose Zerg 

Build Orders: Hatch First 

Get SALT Encoding   

  12  0:00  Drone  
  13  0:08  Drone  
  13  0:13  Extractor  
  13  0:15  Drone  
  15  0:37  Overlord  
  15  0:46  Hatchery  
  14  1:00  Spawning Pool  
  13  1:04  Drone  
  13  1:07  Drone  
  15  1:11  Drone  
  15  1:16  Drone  
  17  1:22  Extractor  
  16  1:31  Drone  
  17  1:41  Overlord  
  17  1:47  Queen  
  17  1:50  Zergling x2  
  20  2:00  Drone x2  
  22  2:01  Queen  
  24  2:15  Drone x2  
  26  2:26  Drone  
  26  2:27  Drone  
  28  2:30  Extractor  
  28  2:33  Zergling x2  
  28  2:34  Zergling x2  
  29  2:37  Queen  
  31  2:46  Metabolic Boost  
  31  2:47  Drone x2  
  33  3:05  Drone  
  33  3:06  Drone x2  
  33  3:07  Overlord  
  33  3:08  Overlord  
  36  3:28  Drone x2  
  36  3:29  Drone x2  
  36  3:30  Drone x2  
  42  3:35  Overlord x2  
  42  3:54  Drone x2  
  45  3:55  Drone x2  
  45  3:58  Extractor  
  45  4:00  Roach Warren  
  45  4:02  Evolution Chamber  
  43  4:04  Drone  
  43  4:05  Drone x2  
  46  4:12  Drone x3  
  46  4:14  Zergling x2  
  50  4:35  Overlord x3  
  50  4:48  Roach x5  
  50  4:51  Lair  
  50  4:52  Roach  
  62  4:53  Roach  
  62  4:55  Zerg Missile Weapons Level 1  
  64  5:06  Roach x8  
  80  5:23  Roach x2  
  80  5:26  Overlord x2  
  84  5:36  Roach x3  
  84  5:37  Roach  
  84  5:39  Overlord x2  
  92  5:45  Ravager x2  
  92  5:48  Ravager  
  95  5:51  Zergling x2  
  95  5:52  Zergling x2  
  97  6:04  Drone  
  97  6:11  Drone x5  
  101  6:15  Extractor, Zergling x4  
  104  6:32  Overlord  
  104  6:33  Overlord x3  
  104  6:47  Zergling x12  
  110  6:57  Overseer  
  110  7:00  Pneumatized Carapace  
  110  7:02  Overlord  
  110  7:11  Zerg Missile Weapons Level 2  
  110  7:12  Hatchery x2  
  110  7:15  Hatchery  
  107  7:26  Ravager x4  
  107  7:27  Ravager x3  
  107  7:28  Zergling x8  
  107  7:29  Zergling x2  
  118  8:09  Drone  
  118  8:10  Drone x9  
  95  9:00  Zergling x2  
  95  9:01  Zergling x16  
  81  9:15  Roach  
  81  9:16  Roach x2  
  70  9:31  Extractor  
  70  9:35  Extractor, Zergling x2  
  70  9:36  Roach x11  
  89  9:43  Zergling x2  
  89  9:45  Zergling x4  
  92  9:58  Roach x9  
  110  10:02  Ravager x2  
  110  10:03  Ravager  
  113  10:09  Zergling x2  
  113  10:10  Zergling x12  
  120  10:16  Drone x2  
  120  10:17  Drone  
  120  10:21  Zerg Ground Armor Level 1  
  123  10:34  Drone  
  124  10:35  Zergling x2  
  124  10:36  Zergling x18  
  134  10:46  Baneling Nest  
  134  10:48  Zergling x2  
  134  10:49  Zergling x10  
  139  11:18  Hatchery  
  138  11:19  Roach x13  
  138  11:20  Overlord x9  
  138  11:23  Overseer  
  138  11:24  Overseer  
  164  11:30  Queen  
  166  11:35  Baneling  
  166  11:36  Baneling x18  
  166  11:37  Centrifical Hooks  
  166  11:52  Roach x2  
  166  11:53  Roach x14  
  198  12:00  Drone  
  198  12:01  Drone  
  66  12:56  Zergling x2  
  66  12:57  Zergling x2  
  66  12:58  Zergling x42  
  75  12:59  Zergling x2  
  83  13:24  Hydralisk Den  
Show
View Real Time Build Order
Export as new Build Order

SpOOn Terran 

Build Orders: 2 Factory 

Get SALT Encoding   

  12  0:01  SCV  
  13  0:13  SCV  
  14  0:19  Supply Depot  
  14  0:25  SCV  
  15  0:29  Refinery  
  15  0:40  SCV  
  15  0:41  Refinery  
  16  0:52  Barracks  
  16  0:55  SCV  
  17  1:07  SCV  
  18  1:19  SCV  
  19  1:29  Barracks  
  19  1:32  SCV  
  20  1:40  Factory  
  20  1:41  Marine  
  20  1:44  SCV  
  22  1:50  Supply Depot  
  22  2:01  Orbital Command  
  22  2:28  Command Center  
  22  2:31  SCV  
  23  2:38  Barracks Tech Lab  
  23  2:40  Factory Reactor  
  23  2:43  SCV  
  24  2:48  Factory  
  24  2:56  SCV  
  25  3:08  SCV  
  26  3:19  Hellion x2  
  29  3:20  SCV  
  29  3:32  SCV  
  30  3:44  SCV  
  31  3:56  SCV  
  31  4:00  Engineering Bay  
  31  4:02  Hellion x2  
  36  4:08  SCV  
  36  4:09  Barracks Tech Lab  
  37  4:14  Supply Depot  
  37  4:20  SCV  
  37  4:23  Hellion x2  
  42  4:24  Planetary Fortress  
  42  4:29  Missile Turret  
  42  4:32  SCV, Missile Turret  
  42  4:37  Missile Turret  
  43  4:44  SCV  
  44  4:49  Factory  
  44  4:50  Hellion  
  46  4:53  Hellion  
  46  4:55  Infernal Pre-Igniter  
  46  4:57  SCV  
  49  5:10  SCV  
  49  5:11  SCV  
  49  5:13  Missile Turret  
  51  5:22  SCV  
  51  5:23  SCV  
  51  5:25  Starport  
  53  5:30  Supply Depot  
  53  5:33  Supply Depot  
  53  5:34  SCV  
  54  5:42  Cyclone x2  
  60  5:45  SCV, Armory  
  60  5:46  SCV  
  62  5:58  SCV  
  62  5:59  SCV  
  62  6:02  Mag-Field Accelerator  
  62  6:04  Viking  
  66  6:15  Command Center  
  66  6:21  Cyclone  
  69  6:27  Supply Depot  
  69  6:28  SCV x2  
  69  6:32  Terran Vehicle Weapons Level 1  
  71  6:48  Refinery  
  71  6:49  Refinery  
  71  6:58  Cyclone  
  71  6:59  Cyclone  
  77  7:02  Widow Mine x2  
  77  7:03  SCV x2  
  83  7:15  SCV x2  
  85  7:27  SCV, Planetary Fortress  
  85  7:29  SCV  
  87  7:30  Missile Turret  
  87  7:39  SCV  
  87  7:41  SCV  
  89  7:48  Missile Turret  
  87  7:51  SCV  
  87  7:53  SCV  
  87  7:57  Cyclone  
  87  7:58  Cyclone, Hellbat x2  
  99  8:03  SCV  
  99  8:26  SCV  
  100  8:28  Missile Turret  
  100  8:38  SCV  
  76  8:48  Siege Tank x2  
  74  8:49  Missile Turret, Hellbat x2  
  74  8:50  SCV  
  74  8:52  Refinery  
  74  8:55  Command Center  
  79  8:56  Terran Vehicle Weapons Level 2  
  79  9:01  SCV  
  80  9:04  SCV  
  79  9:10  Starport Tech Lab, Barracks Tech Lab, Hellbat x2  
  79  9:14  SCV  
  79  9:16  Armory, Supply Depot  
  79  9:20  Refinery, Hellbat, Siege Tank  
  79  9:26  SCV  
  80  9:32  Hellion, Hellbat  
  80  9:33  SCV x2  
  80  9:38  SCV  
  86  9:41  Hellion  
  86  9:45  SCV x2  
  88  9:50  SCV  
  88  9:52  Hellion  
  83  9:53  Hellbat x2  
  83  9:57  SCV x2  
  89  10:02  SCV  
  89  10:03  Siege Tank  
  93  10:09  SCV x2  
  93  10:13  Hellbat  
  97  10:15  Starport  
  97  10:17  Orbital Command, Fusion Core  
  97  10:19  Command Center  
  97  10:21  Terran Vehicle And Ship Armor Level 1  
  97  10:23  Supply Depot  
  97  10:26  SCV  
  98  10:31  Widow Mine x2  
  98  10:35  Siege Tank  
  105  10:36  Raven  
  105  10:38  SCV  
  108  10:44  SCV x3  
  111  10:51  SCV, Missile Turret  
  111  10:56  SCV x3  
  115  11:00  Siege Tank  
  115  11:03  SCV  
  119  11:07  Siege Tank  
  119  11:08  Advanced Ballistics, SCV x2  
  119  11:10  Cloaking Field  
  124  11:12  Supply Depot  
  124  11:15  SCV  
  125  11:21  Raven  
  125  11:23  Widow Mine x2  
  131  11:39  SCV  
  132  11:40  Sensor Tower  
  132  11:41  Command Center  
  132  11:45  Refinery  
  132  11:48  Refinery  
  132  11:51  SCV  
  133  11:54  Siege Tank x2  
  133  11:55  Widow Mine  
  133  11:58  Raven  
  143  12:02  Orbital Command  
  143  12:26  Thor  
  149  12:31  Thor  
  155  12:40  Supply Depot  
  155  12:44  Supply Depot  
  155  12:46  Supply Depot  
  155  12:47  Supply Depot  
  155  12:49  Supply Depot  
  155  12:50  Missile Turret  
  155  12:53  Widow Mine x2  
  147  13:04  Missile Turret  
  146  13:07  Missile Turret  
  146  13:10  Cyclone  
  142  13:19  Widow Mine  
  138  13:20  Hellbat x2  
  103  13:41  Missile Turret  
  103  13:44  Missile Turret  
Tags
 
Add a new tag
Caveats
  • Supply blocks, unpowered buildings, or Contaminate may cause inaccurate times.
  • Supply counts are checked every 10 seconds.